 Dungeon Crawl Stone Soup version 0.20.0-15-g7f486f2 (webtiles) character file.

289 Chiseanne the Magician (level 6, -1/41 HPs)
             Began as a Demonspawn Wizard on June 15, 2017.
             Killed from afar by an orc wizard (4 damage)
             ... with a puff of frost
             ... on level 4 of the Dungeon.
             The game lasted 00:05:39 (4739 turns).

Chiseanne the Magician (Demonspawn Wizard)          Turns: 4739, Time: 00:05:40

Health: -1/41      AC:  6    Str:  7    XL:     6   Next: 9%
Magic:  1/13       EV: 12    Int: 21    God:
Gold:   177        SH:  0    Dex: 12    Spells: 6/15 levels left

rFire    . . .     SeeInvis .   p - +0 falchion
rCold    . . .     Gourm    .   (no shield)
rNeg     . . .     Faith    .   a - +0 robe
rPois    .         Spirit   .   b - +0 hat
rElec    .         Reflect  .   (no cloak)
rCorr    +         Harm     .   (no gloves)
MR       .....                  (no boots)
Stlth    ++........             y - amulet of magic regeneration
Regen    0.2/turn               r - ring of resist corrosion
MPRegen  0.2/turn               (no ring)

@: no status effects
A: iridescent scales 2
a: no special abilities


You were on level 4 of the Dungeon.
You were hungry.

You visited 1 branch of the dungeon, and saw 4 of its levels.

You collected 177 gold pieces.

Inventory:

Hand Weapons
 e - a +0 club
 h - a +0 short sword
 p - a +0 falchion (weapon)
Missiles
 k - 55 bolts
 l - 8 tomahawks (quivered)
 m - 109 stones
 v - 26 arrows
 z - 16 sling bullets
Armour
 a - a +0 robe (worn)
 b - a +0 hat (worn)
Jewellery
 r - a ring of resist corrosion (left hand)
 y - an amulet of magic regeneration (around neck)
Wands
 s - a wand of digging (12/24)
Scrolls
 f - 3 scrolls of remove curse
 t - 2 scrolls of teleportation
 x - a scroll of fear
 A - 2 scrolls of recharging
Potions
 c - a potion of mutation {unknown}
 i - a potion of curing {unknown}
 j - a potion of haste {unknown}
 n - a potion of might {unknown}
 o - a potion of heal wounds
 q - a potion of flight {unknown}
 u - a potion of brilliance {unknown}
Comestibles
 d - 3 bread rations
 g - 2 meat rations


   Skills:
 - Level 1.7 Dodging
 - Level 1.7 Stealth
 * Level 5.0 Spellcasting
 * Level 4.2 Conjurations
   Level 1.0 Summonings
 - Level 0.8 Translocations


You had 6 spell levels left.
You knew the following spells:

 Your Spells              Type           Power        Failure   Level  Hunger
a - Magic Dart            Conj           ###.         1%          1    None
b - Blink                 Tloc           N/A          12%         2    None
c - Conjure Flame         Conj/Fire      ##......     14%         3    ##.....
d - Mephitic Cloud        Conj/Pois/Air  ##......     19%         3    ##.....


Dungeon Overview and Level Annotations

Branches:
Dungeon (4/15)
 Temple: D:4-7

Altars:
Gozag
Hepliaklqana
Nemelex Xobeh


Innate Abilities, Weirdness & Mutations

You are mostly covered in iridescent scales. (AC +4)


Message History

Confirm with . or Enter, or press ? or * to list all spells.
You don't have enough magic to cast that spell.
Unknown command.
You completely miss the orc wizard.
The orc wizard is almost dead.
The orc wizard casts a spell.
The orc wizard seems to speed up.
You closely miss the orc wizard.
The orc wizard is almost dead.
You are feeling hungry.
The orc wizard gestures at you while chanting.
The puff of frost hits you!
The orc wizard hits you with a dagger of electrocution.
You are electrocuted!
* * * LOW HITPOINT WARNING * * *
You miss the orc wizard.
The orc wizard is almost dead.
The orc wizard casts a spell at you. The puff of frost hits you!
You die...

#.# #.###.#
#.# # #.# ..
#.# #.# #.#
## #.# #.#
#.# #o# #.#
#.# #.# #.#
#.# #.# #..
#.# #.# ###
#.# #o#
#.#########@#
#...........#
#############


You could see an orc wizard and an orc (confused).

Vanquished Creatures
  A phantom (D:4)
  A vampire bat (D:3)
  2 orc wizards (D:4)
  2 adders
  2 adder skeletons
  4 leopard geckos
  7 orcs
  12 bats
  2 giant cockroaches
  4 goblins
  13 hobgoblins
  3 quokkas
  5 frilled lizards
  A jackal skeleton (D:4)
  8 kobolds
  8 rats
75 creatures vanquished.

Notes
Turn   | Place    | Note
-------+----------+-------------------------------------------
     0 | D:1      | Chiseanne the Demonspawn Wizard began the quest for the Orb.
     0 | D:1      | Reached XP level 1. HP: 13/13 MP: 4/4
   559 | D:1      | Gained mutation: You are partially covered in iridescent scales. (AC +2) [demonic ancestry]
   559 | D:1      | Reached XP level 2. HP: 16/19 MP: 0/6
  1607 | D:1      | Learned a level 2 spell: Blink
  1708 | D:2      | Reached XP level 3. HP: 24/24 MP: 5/8
  2204 | D:2      | Found a sparkling altar of Nemelex Xobeh.
  2204 | D:2      | Found an opulent altar of Gozag.
  2868 | D:3      | Reached skill level 4 in Spellcasting
  3113 | D:3      | Gained mutation: You are mostly covered in iridescent scales. (AC +4) [demonic ancestry]
  3113 | D:3      | Reached XP level 4. HP: 30/30 MP: 1/10
  3874 | D:3      | Learned a level 3 spell: Conjure Flame
  3878 | D:3      | Learned a level 3 spell: Mephitic Cloud
  3991 | D:4      | Found a hazy altar of Hepliaklqana.
  4034 | D:4      | Noticed a phantom
  4066 | D:4      | Killed a phantom
  4066 | D:4      | Reached XP level 5. HP: 35/35 MP: 0/12
  4447 | D:4      | Reached skill level 5 in Spellcasting
  4447 | D:4      | Reached XP level 6. HP: 11/41 MP: 0/13
  4739 | D:4      | Killed from afar by an orc wizard

Skill      XL: |  1  2  3  4  5 |
---------------+----------------+-----
Conjurations   | 2 3 4 |  4.2
Spellcasting   | 4 5 |  5.0
Dodging        | |  1.7
Stealth        | |  1.7
Summonings     | |  1.0
Translocations | |  0.8

Action                   |  1- 3 |  4- 6 || total
-------------------------+-------+-------++-------
Melee: Unarmed           |     3 |       ||     3
       Short sword       |    17 |       ||    17
       Falchion          |       |    16 ||    16
 Cast: Magic Dart        |   112 |    87 ||   199
       Mephitic Cloud    |       |     1 ||     1
  Use: Scroll            |     4 |     6 ||    10
  Eat: Chunk             |     6 |     5 ||    11
Armor: Robe              |     9 |    20 ||    29
Dodge: Dodged            |    16 |    39 ||    55
       Rpst.: Falchion   |     1 |     9 ||    10
